[Event "FRA-ch Teams Top 16-Haute 2022"]
[Site "Chartres"]
[Date "2022.06.17"]
[Round "9.27"]
[White "Van Foreest, Jorden"]
[Black "Medvegy, Zoltan"]
[Result "1-0"]
[ECO "C10"]
[WhiteElo "2715"]
[BlackElo "2522"]
[Annotator "TA"]
[PlyCount "79"]
[EventDate "2022.06.16"]
[EventType "team-tourn"]
[EventCountry "FRA"]
[SourceTitle "playchess.com"]
[Source "ChessBase"]
[SourceQuality "1"]
[TimeControl "40/5400+30:1800+30"]

1. e4 e6 2. d4 d5 3. Nc3 dxe4 4. Nxe4 Bd7 5. Nf3 Bc6 6. Bd3 Nd7 7. c3 Ngf6 8. Nxf6+ {[%emt 0:00:41] C10: French with 3 Nc3: Unusual Black 3rd moves and 3...dxe4.} Nxf6 {[%emt 0:00:06] [#]} 9. h4 $146 ({Predecessor:} 9. O-O Bd6 10. Re1 Bxf3 11. Qxf3 c6 12. a4 a5 13. g3 O-O 14. h4 Re8 15. Kg2 Qc7 16. Bg5 Nd5 17. Re2 {½-½ (63) Santos Ruiz,M (2586)-Andreikin,D (2729) Chess.com INT 2022}) 9... Bxf3 10. Qxf3 {[%emt 0:00:10] White is slightly better.} Qd5 11. Qxd5 (11. Be2 {is more complex.} Bd6 12. Bg5 c6 13. g3) 11... exd5 12. h5 Bd6 13. f3 Bg3+ 14. Kd1 O-O 15. Rh3 Bd6 16. g4 h6 {[%emt 0:03:00] [#]} (16... Rfe8 $14) 17. g5 $1 $16 hxg5 18. Bxg5 {[%emt 0:00:25] h6 is the strong threat.} Nh7 19. Bd2 {[%emt 0:01:00] White is more active.} Rfe8 20. Kc2 Re6 (20... Kh8 $142) 21. Rg1 Kh8 22. Rg2 ({White should try} 22. f4) 22... Nf6 23. Bf5 Ree8 24. Rh1 Ng8 {[%emt 0:03:03] [#]} (24... a6 $16) 25. Rhg1 $1 $40 {[%emt 0:00:48][%mdl 128] White attacks with force.} Ne7 26. Bd3 Rg8 27. Bg5 f6 28. Bh4 {[%emt 0:02:09][%cal Og2g7] Hoping for Rxg7!} Bf4 (28... Raf8 $142 29. Re1 Rf7) 29. Re2 Nc6 30. Bg6 {[%emt 0:01:01] Against Rae8} Rgd8 31. b4 a6 32. a4 Kg8 33. Rge1 Kf8 34. h6 Bxh6 (34... gxh6 {was called for.} 35. Bxf6 Bg3) 35. Bg3 f5 $2 (35... Rac8 {was necessary.} 36. Bf5 Ra8 37. Bxc7 Nxd4+ 38. cxd4 Rdc8) 36. Bxc7 {[%emt 0:00:21] White is clearly winning.} Rdc8 {[%emt 0:00:16] [#]} 37. Kd3 $1 Bg5 (37... f4 38. Bd6+) 38. Bd6+ Kg8 39. Bxf5 {[%emt 0:01:06] A strong pair of Bishops.} Rd8 40. Bc7 {[%emt 0:00:10] Weighted Error Value: White=0.08 (flawless) /Black=0.31} 1-0

[Event "FRA-ch Teams Top 16-Haute 2022"]
[Site "Chartres"]
[Date "2022.06.17"]
[Round "9.28"]
[White "Tiviakov, Sergei"]
[Black "Amin, Bassem"]
[Result "1/2-1/2"]
[ECO "C85"]
[WhiteElo "2567"]
[BlackElo "2686"]
[Annotator "TA"]
[PlyCount "29"]
[EventDate "2022.06.16"]
[EventType "team-tourn"]
[EventCountry "FRA"]
[SourceTitle "playchess.com"]
[Source "ChessBase"]
[SourceQuality "1"]
[TimeControl "40/5400+30:1800+30"]

1. e4 e5 2. Nf3 Nc6 3. Bb5 a6 4. Ba4 Nf6 5. O-O Be7 6. Bxc6 dxc6 7. Qe2 Nd7 8. d4 {[%emt 0:00:12] C85: Closed Ruy Lopez: Deferred Exchange Variation.} exd4 9. Nxd4 O-O 10. Nc3 Bf6 11. Rd1 {[%emt 0:04:28] [#]} Re8 $146 {[%emt 0:02:33] The position is equal.} ({Predecessor:} 11... Qe8 12. f4 c5 13. Nf3 Bxc3 14. bxc3 b6 15. c4 Bb7 16. Bb2 Rd8 17. e5 Qe6 {½-½ (32) Taghizadeh,R (2351)-Miyasaka,M (2197) New York 2017}) 12. Bf4 Qe7 13. Bxc7 {[%emt 0:22:31] [#] Black must now prevent Nf5.} Nc5 14. Bb6 Nxe4 15. Nxe4 {[%emt 0:00:33] Not much happened in this game.  Weighted Error Value: White=0.06 (flawless) /Black=0.05 (flawless)} 1/2-1/2

[Event "FRA-ch Teams Top 16-Haute 2022"]
[Site "Chartres"]
[Date "2022.06.17"]
[Round "9.29"]
[White "Tregubov, Pavel V."]
[Black "Lagarde, Maxime"]
[Result "0-1"]
[ECO "C84"]
[WhiteElo "2541"]
[BlackElo "2628"]
[Annotator "TA"]
[PlyCount "70"]
[EventDate "2022.06.16"]
[EventType "team-tourn"]
[EventCountry "FRA"]
[SourceTitle "playchess.com"]
[Source "ChessBase"]
[SourceQuality "1"]
[TimeControl "40/5400+30:1800+30"]

1. e4 e5 2. Nf3 Nc6 3. Bb5 a6 4. Ba4 Nf6 5. O-O Be7 6. d3 b5 7. Bb3 d6 8. a3 {[%emt 0:00:25] C84: Closed Ruy Lopez: Unusual White 6th moves.} Na5 9. Ba2 c5 10. Nc3 {[%emt 0:03:45] The position is equal.} Be6 11. Nd5 Nxd5 12. Bxd5 Bxd5 13. exd5 O-O 14. b4 Nb7 15. Re1 Qd7 {[%emt 0:00:55] [#]} 16. Be3 $146 ({Predecessor:} 16. c3 Rfc8 17. Bb2 f5 18. Qb3 Bf6 19. h3 a5 20. Rad1 Qf7 21. Nd2 Bg5 22. Nf3 {0-1 (53) Sanal,V (2510)-Dudukovic,N (2385) Veliko Gradiste 2018}) 16... Rac8 17. bxc5 Nxc5 18. d4 exd4 19. Bxd4 Rfe8 20. Rc1 Qf5 21. Bxc5 dxc5 22. c4 (22. Re5 $11 Qd7 23. c4) 22... Bd6 (22... Bf8 $5 ) 23. Qb3 Rxe1+ 24. Rxe1 h6 25. Nh4 Qg4 26. g3 g6 27. Ng2 ({But not} 27. cxb5 c4 28. Qc3 axb5 $17) 27... Rb8 ({Much less strong is} 27... bxc4 28. Qa4 $14) 28. Ne3 Qf3 29. Qc2 h5 30. a4 {[%emt 0:15:48] [#]} (30. cxb5 $15 axb5 31. a4) 30... b4 $1 $17 {[%emt 0:02:56] Black is more active.} 31. Rb1 (31. Qd1 $17 Qxd1 32. Nxd1) 31... Re8 $19 32. Qd1 $2 (32. Rc1) 32... Rxe3 {[%emt 0:00:27] Black is clearly winning.} 33. fxe3 Qxe3+ 34. Kg2 Qe4+ 35. Kh3 (35. Kf1 $142 Qh1+ 36. Ke2 Qxh2+ 37. Kf1) 35... g5 {[%emt 0:01:16] Weighted Error Value: White=0.61/Black=0.04 (flawless)} 0-1

[Event "FRA-ch Teams Top 16-Haute 2022"]
[Site "Chartres"]
[Date "2022.06.17"]
[Round "9.30"]
[White "Guliyev, Namig"]
[Black "Hamdouchi, Hicham"]
[Result "1/2-1/2"]
[ECO "B45"]
[WhiteElo "2547"]
[BlackElo "2536"]
[Annotator "TA"]
[PlyCount "104"]
[EventDate "2022.06.16"]
[EventType "team-tourn"]
[EventCountry "FRA"]
[SourceTitle "playchess.com"]
[Source "ChessBase"]
[SourceQuality "1"]
[TimeControl "40/5400+30:1800+30"]

1. e4 c5 2. Nf3 e6 3. d4 cxd4 4. Nxd4 Nf6 5. Nc3 Nc6 6. Ndb5 Bc5 7. Bf4 O-O {[%emt 0:00:19] B45: Sicilian Four Knights.} 8. Bc7 Qe7 {[%emt 0:00:07] [#] aiming for ...d5.} 9. Bd6 $1 Bxd6 {[%emt 0:00:05] White is slightly better.} 10. Qxd6 Qd8 11. O-O-O a6 12. Nd4 Ne7 13. Be2 b5 {[%emt 0:03:49] [#]} 14. f4 $146 ({Predecessor:} 14. Nb3 Bb7 15. f3 Bc6 16. h4 Ne8 17. Qd4 Rb8 18. h5 b4 19. Nb1 a5 20. h6 {½-½ (52) Smirin,I (2612)-Fedorov,A (2529) Chess.com INT 2020}) 14... Bb7 15. Bf3 Nc8 16. Qb4 Nb6 17. e5 Bxf3 18. Nxf3 Nfd5 19. Nxd5 Nxd5 20. Qe4 Rc8 (20... a5 {looks sharper.} 21. Ng5 g6 22. Rxd5 exd5 23. Qxd5 Qb6) 21. Rd4 f5 22. exf6 Qxf6 23. g3 Qf5 24. Qxf5 Rxf5 25. Re1 h6 26. h4 Rc7 27. Kd2 Rf8 28. c3 Ne7 29. Rd3 Nf5 (29... Rf5 $11) 30. Ne5 d5 31. Ng6 Re8 32. g4 Nd6 33. h5 Kf7 34. Ke2 Nc4 {[%emt 0:06:27] The position is equal.} 35. b3 Nd6 36. Kf3 Rec8 37. Ree3 Ne4 38. c4 bxc4 39. bxc4 dxc4 40. Rd4 Nf6 {[%emt 0:04:42] [#] ...c3 is the strong threat.} 41. Ne5+ Ke7 42. Ng6+ Kf7 43. Ne5+ Ke7 {[%emt 0:00:05] White must now prevent ...c3.} 44. Rc3 Nd7 45. Nxd7 ({But not} 45. Nxc4 $2 Nb6 46. Nxb6 Rxc3+ 47. Ke4 R8c6 48. Rd7+ Ke8 $19) 45... Rxd7 46. Rdxc4 Rxc4 47. Rxc4 $11 {[%emt 0:00:26][%mdl 4096] Endgame KR-KR} Rd3+ 48. Ke4 Ra3 49. Rc7+ Kf6 50. Rc6 Ra4+ 51. Kf3 Ra3+ 52. Ke4 Ra4+ {[%emt 0:00:00] Weighted Error Value: White=0.05 (flawless) /Black=0.06 (flawless)} 1/2-1/2

[Event "FRA-ch Teams Top 16-Haute 2022"]
[Site "Chartres"]
[Date "2022.06.17"]
[Round "9.31"]
[White "Libiszewski, Fabien"]
[Black "Maurizzi, Marc`Andria"]
[Result "1/2-1/2"]
[ECO "B45"]
[WhiteElo "2514"]
[BlackElo "2490"]
[Annotator "RC"]
[PlyCount "36"]
[EventDate "2022.06.16"]
[EventType "team-tourn"]
[EventCountry "FRA"]
[SourceTitle "playchess.com"]
[Source "ChessBase"]
[SourceQuality "1"]
[TimeControl "40/5400+30:1800+30"]

1. e4 c5 2. Nf3 e6 3. d4 cxd4 4. Nxd4 Nf6 5. Nc3 Nc6 6. g3 Bb4 7. Bg2 O-O 8. O-O d6 9. Nde2 a6 10. b3 Bc5 11. Na4 Ba7 12. c4 e5 13. Nac3 Bg4 14. Kh1 Bxe2 15. Qxe2 Nd4 16. Qd3 Nd7 17. Be3 Nc5 18. Qd2 a5 1/2-1/2

[Event "FRA-ch Teams Top 16-Haute 2022"]
[Site "Chartres"]
[Date "2022.06.17"]
[Round "9.32"]
[White "Martsynovskaya, Marina"]
[Black "Benmesbah, Natacha"]
[Result "1/2-1/2"]
[ECO "B33"]
[WhiteElo "2070"]
[BlackElo "2251"]
[Annotator "TA"]
[PlyCount "210"]
[EventDate "2022.06.16"]
[EventType "team-tourn"]
[EventCountry "FRA"]
[SourceTitle "playchess.com"]
[Source "ChessBase"]
[SourceQuality "1"]
[TimeControl "40/5400+30:1800+30"]

1. e4 c5 2. Nf3 Nc6 3. d4 cxd4 4. Nxd4 Nf6 5. Nc3 e5 6. Ndb5 d6 7. Bg5 a6 8. Na3 Be6 9. Nc4 {[%emt 0:00:46] B33: Sicilian: Pelikan and Sveshnikov Variations.} Rb8 10. g3 h5 11. h4 {[%emt 0:21:04] White is slightly better.} Nd4 12. Ne3 {[%emt 0:02:50] [#]} Be7 $146 (12... Qb6 $14 13. Rb1 Qd8) ({Predecessor:} 12... Qb6 13. Rb1 Ng4 14. Ned5 Qc5 15. b4 Qc8 16. Bd3 Nh2 17. Rxh2 Bg4 18. Be2 Bxe2 19. Nxe2 {0-1 (32) Lane,G (2353)-Cornette,M (2597) London 2018}) 13. Bxf6 $16 Bxf6 14. Ncd5 g6 15. c3 Nc6 16. Nxf6+ Qxf6 17. Qxd6 {[%emt 0:00:08] And now Nd5 would win.} Rd8 18. Qc5 Ne7 (18... Qe7 $142 19. Qxe7+ Kxe7) 19. Bg2 O-O 20. Nd5 (20. O-O $16) 20... Bxd5 $14 21. exd5 b6 22. Qa3 Nxd5 23. Qxa6 e4 24. O-O e3 25. Rae1 Qe5 26. Bxd5 (26. Qc4 $16) 26... exf2+ $11 27. Kxf2 Qxd5 28. a3 (28. Kg1 $11) 28... Qf5+ {[%emt 0:05:54][%mdl 1024] Black has strong compensation.} 29. Kg1 {[%emt 0:04:19] [#]} Qh3 30. Re3 $2 (30. Qe2 $17) 30... Rd2 $19 31. Rf2 {[%emt 0:00:15] Prevents Rg2+.} Rfd8 32. Rxd2 Rxd2 {[%emt 0:00:06][%csl Gd2][%cal Rh3g2][%mdl 4096] Endgame KQR-KQR} 33. Qa8+ Kg7 34. Qf3 Rxb2 {[%emt 0:01:03] ( -> ...Rb1+)} 35. Re1 {[%emt 0:01:43] Against Rb1} Qh2+ 36. Kf1 Rb5 {[%emt 0:00:35] Strongly threatening ...Rf5.} 37. Re2 Qh3+ 38. Ke1 Rb1+ 39. Kd2 Qd7+ 40. Ke3 Rb5 41. Qe4 {[%emt 0:03:23] [#] Prevents Re5.} Rd5 {[%emt 0:03:10] Inhibits Qd4+.} (41... Qh3 $1 $19 {[%cal Rh3g3] and Black stays clearly on top.} 42. Kd2 Qxg3) 42. Kf2 $17 Kh7 43. Kg2 Rf5 44. c4 Qd6 45. Qe3 Qc6+ 46. Qe4 Qa4 47. Qd3 Qa8+ 48. Kg1 Qf3 {[%emt 0:11:30] Against Rf2} (48... b5 {keeps more tension.} 49. cxb5 Rf3 50. Qd6 Rxa3 51. Qe5 Rb3) 49. Qxf3 Rxf3 $15 {[%emt 0:00:04] KR-KR} 50. Kg2 Rxa3 51. Re7 Kg7 52. Rb7 Ra6 53. Rc7 Ra2+ 54. Kh3 Rf2 55. Rc6 Rf6 56. Rc7 Re6 57. c5 bxc5 58. Rxc5 Re2 59. Rb5 Kf6 60. Ra5 Re5 61. Ra7 Ke6 62. Rb7 Rf5 63. Kg2 Rd5 64. Ra7 Rd2+ 65. Kf3 Rd3+ 66. Kf4 f6 67. Ra6+ Rd6 68. Ra5 Rb6 69. Rc5 Rb4+ 70. Kf3 Rg4 71. Ra5 f5 72. Ra6+ {[%emt 0:04:28] The position is equal.} Ke5 73. Ra5+ Kd4 74. Ra4+ Kd3 75. Ra3+ Kc2 76. Ra2+ Kb3 (76... Kb1 $5 77. Rd2 Re4 $11) 77. Ra6 Kb4 78. Rb6+ Kc5 79. Ra6 $1 Kd5 80. Rb6 Ke5 81. Rb5+ Ke6 82. Rb6+ Kf7 83. Rb7+ Kf6 84. Rb6+ Kg7 85. Rb7+ Kh6 86. Rb6 Rd4 87. Ra6 Rd3+ 88. Kf4 Rd1 89. Kf3 Rf1+ 90. Ke2 Rg1 91. Kf2 Rd1 92. Kf3 Rd4 93. Rb6 Re4 94. Ra6 Kg7 95. Rb6 Kf7 96. Ra6 Re6 97. Ra5 Kf6 98. Kf4 Rc6 99. Rb5 Rd6 100. Ra5 Rd4+ 101. Kf3 Rd3+ 102. Kf4 Rd4+ 103. Kf3 Rd3+ 104. Kf4 Rd4+ 105. Kf3 Rd3+ {[%emt 0:00:15] Quite a comeback for White.  Weighted Error Value: White=0.21 (precise) /Black=0.08 (flawless)} 1/2-1/2

[Event "FRA-ch Teams Top 16-Haute 2022"]
[Site "Chartres"]
[Date "2022.06.19"]
[Round "11.1"]
[White "Philippe, Christophe"]
[Black "Parligras, Mircea-Emilian"]
[Result "0-1"]
[ECO "D05"]
[WhiteElo "2379"]
[BlackElo "2583"]
[Annotator "TA"]
[PlyCount "76"]
[EventDate "2022.06.16"]
[EventType "team-tourn"]
[EventCountry "FRA"]
[SourceTitle "playchess.com"]
[Source "ChessBase"]
[SourceQuality "1"]
[TimeControl "40/5400+30:1800+30"]

1. d4 Nf6 2. Nf3 e6 3. e3 c5 4. Bd3 d5 5. O-O b6 6. b3 Bb7 7. Bb2 Nc6 8. a3 Be7 9. Nbd2 O-O 10. Qe2 a5 {[%emt 0:03:22] D05: Colle System with ...e6.} 11. Ne5 Qc7 12. f4 a4 {[%emt 0:00:34] The position is equal.} 13. Rf3 (13. Rac1 $11) 13... Nxe5 $15 {[%emt 0:07:55] [#]} 14. dxe5 $146 ({Predecessor:} 14. fxe5 Ne4 15. Rh3 h6 16. Rf1 axb3 17. cxb3 cxd4 18. exd4 Bxa3 19. Bxa3 Rxa3 20. Bxe4 dxe4 21. Nxe4 Bxe4 22. Qxe4 {½-½ (39) Grube,F (2047)-Helemae,H (2155) ICCF email 2009}) 14... Ne4 15. Rh3 {[%emt 0:01:04] [#] And now Nxe4 would win.} g6 $1 16. Nxe4 dxe4 17. Bc4 axb3 18. cxb3 Rad8 19. Rf1 {[%emt 0:03:14] [#]} (19. Qc2 $17 {is a better defense.}) 19... Bd5 $1 $19 20. f5 (20. Qc2 $142) 20... Bxc4 (20... exf5 $2 21. Rxf5 Bxc4 22. bxc4 $19) 21. Qxc4 {[%emt 0:10:03] Hoping for f6.} exf5 (21... gxf5 22. Qe2 f6 23. Qh5 $18) 22. g4 fxg4 23. Rg3 Rd3 ({But not} 23... Rd2 $2 24. Bc1 Rd3 25. Rxg4 $19) 24. Rxg4 Rxe3 {[%emt 0:01:37] aiming for ...Qd7.} 25. Rxe4 Rxe4 26. Qxe4 Qd7 27. a4 Qe6 28. Rf3 Rd8 29. Rd3 Rxd3 30. Qxd3 {[%emt 0:00:01][%mdl 4096] Endgame KQB-KQB} Bg5 31. h3 Kf8 32. Kf2 Ke7 33. Ke2 (33. Qf3 {was necessary.}) 33... Qc6 {[%emt 0:00:57] ...Qg2+ is the strong threat.} 34. Qf3 {[%emt 0:00:30] Against Qg2+} (34. Bc3) 34... Qxf3+ ({Worse is} 34... Qd7 35. Bc1 Bh4 36. Bh6 $17) 35. Kxf3 Ke6 36. Ke4 Bd8 {[%emt 0:00:59] Strongly threatening ...Bc7.} 37. Bc3 (37. Bc1 $142 Bc7 38. Bg5) 37... Bc7 38. Bb2 {[%emt 0:00:25] [#]} Bxe5 $1 {[%emt 0:00:23][%mdl 512] Black took control after the opening.  Weighted Error Value: White=0.39/Black=0.14 (very precise)} 0-1

[Event "FRA-ch Teams Top 16-Haute 2022"]
[Site "Chartres"]
[Date "2022.06.19"]
[Round "11.2"]
[White "Abasov, Nijat"]
[Black "Hamitevici, Vladimir"]
[Result "1/2-1/2"]
[ECO "B90"]
[WhiteElo "2635"]
[BlackElo "2482"]
[Annotator "TA"]
[PlyCount "63"]
[EventDate "2022.06.16"]
[EventType "team-tourn"]
[EventCountry "FRA"]
[SourceTitle "playchess.com"]
[Source "ChessBase"]
[SourceQuality "1"]
[TimeControl "40/5400+30:1800+30"]

1. e4 c5 2. Nf3 d6 3. d4 cxd4 4. Nxd4 Nf6 5. Nc3 a6 6. Be3 e5 7. Nb3 Be6 8. h3 {[%emt 0:01:15] B90: Sicilian Najdorf: Unusual White 6th moves, 6 Be3 Ng4 and 6 Be3 e5.} Nbd7 9. Qd2 b5 10. O-O-O {[%emt 0:00:56] The position is equal.} Nb6 11. f4 {[%emt 0:26:55] [#] Strongly threatening fxe5.} b4 {[%emt 0:08:33] [#]} 12. Nd5 $146 ({Predecessor:} 12. fxe5 bxc3 13. Qxc3 Nfd7 14. exd6 Rc8 15. Bxb6 Nxb6 16. Qa5 Nd7 17. Qa4 g6 18. Kb1 {0-1 (32) Kuipers,S (2432)-Zubritskiy,A (2320) Pardubice 2013}) 12... Nxe4 13. Bxb6 Nxd2 14. Bxd8 Nxb3+ 15. axb3 Bxd5 16. Rxd5 Kxd8 17. fxe5 Kc7 18. Be2 Re8 19. Rf1 f6 $1 20. exd6+ Bxd6 21. Bxa6 Ra8 22. Bd3 $36 {[%emt 0:01:08][%mdl 2048] Black is under pressure. White is more active.} Ra1+ 23. Kd2 Rxf1 24. Bxf1 $14 {[%emt 0:00:04][%mdl 4096] Endgame KRB-KRB} Rd8 {[%emt 0:02:53] And now ...Bf4+ would win.} 25. Kd3 Be7 (25... Kc6 $14 26. Kc4 Rc8) 26. Rxd8 $18 Kxd8 {[%emt 0:00:26] [#] KB-KB} 27. Kc4 $1 Kd7 28. Kd5 f5 29. c4 Kc7 30. c5 Bg5 31. Bd3 h6 ({Better is} 31... g6) 32. Bxf5 {[%emt 0:19:40] Weighted Error Value: White=0.05 (flawless) /Black=0.13 (very precise)} 1/2-1/2

[Event "FRA-ch Teams Top 16-Haute 2022"]
[Site "Chartres"]
[Date "2022.06.19"]
[Round "11.4"]
[White "Loiseau, Quentin"]
[Black "Decuigniere, Tom"]
[Result "1/2-1/2"]
[ECO "B12"]
[WhiteElo "2445"]
[BlackElo "2371"]
[Annotator "TA"]
[PlyCount "71"]
[EventDate "2022.06.16"]
[EventType "team-tourn"]
[EventCountry "FRA"]
[SourceTitle "playchess.com"]
[Source "ChessBase"]
[SourceQuality "1"]
[TimeControl "40/5400+30:1800+30"]

1. e4 c6 2. d4 d5 3. e5 Bf5 4. Nf3 e6 5. Be2 Nd7 6. O-O Bg6 7. c3 Nh6 {[%emt 0:00:26] B12: Caro-Kann: Advance Variation.} 8. a4 a5 9. Na3 {[%emt 0:01:01] [#]} f6 $146 {[%emt 0:06:02] White has an edge.} ({Predecessor:} 9... Be7 10. Nc2 O-O 11. Nce1 c5 12. Bxh6 gxh6 13. Bb5 cxd4 14. cxd4 Nb8 15. Qd2 Kg7 {0-1 (52) Yu,Y (2764)-Artemiev,V (2709) Caleta 2019}) 10. c4 Nf7 (10... Nf5 $14) 11. cxd5 $16 cxd5 12. Nb5 Bb4 13. Bd2 O-O 14. Bxb4 axb4 15. exf6 gxf6 (15... Qxf6 $14 16. Qd2 Qe7) 16. Qd2 Qe7 17. Nh4 Nb8 18. Rfe1 {[%emt 0:03:19] White is more active.} Nc6 19. Bg4 Ng5 20. Nxg6 hxg6 {[%emt 0:00:03] [#]} 21. h4 $1 Ne4 22. Qh6 f5 23. Qxg6+ Kh8 {[%emt 0:01:17] White must now prevent ...Rf7.} 24. Qh6+ Kg8 {[%emt 0:00:29] And now ...Rf6 would win.} 25. Qg6+ ({Better is} 25. Bh5 $16) 25... Kh8 $11 {[%emt 0:00:07] Hoping for ...Rf7.} 26. f3 {[%emt 0:08:28] Chess con chili.} Qxh4 27. Qh5+ Qxh5 28. Bxh5 Nf6 {[%emt 0:02:36] [#] Pair of Knights!} 29. Rxe6 $1 {[%emt 0:01:27] Strongly threatening Bg6.} Kg7 {[%emt 0:02:22] Inhibits Bg6.} ({But not} 29... Nd8 {[#]} 30. Rd6 $1 $16) 30. g4 fxg4 31. fxg4 {[%emt 0:00:54] Nc7 is the strong threat.} ({Much weaker is} 31. Bxg4 Nxg4 32. fxg4 Rf4 $11) 31... Rh8 32. Re3 (32. Nd6 $14 {is superior.} Nxh5 33. Rf1 (33. gxh5 Rxh5 34. Ne8+ Kg8 $11)) 32... Nxh5 {[%emt 0:01:37] The position is equal.} 33. gxh5 Rxh5 34. Rg3+ Kf6 35. Nc7 Rd8 36. Rd1 {[%emt 0:06:01] Weighted Error Value: White=0.11 (very precise) /Black=0.11 (very precise)} 1/2-1/2

[Event "FRA-ch Teams Top 16-Haute 2022"]
[Site "Chartres"]
[Date "2022.06.19"]
[Round "11.5"]
[White "Brunner, Nicolas"]
[Black "Nanu, Costica-Ciprian"]
[Result "1/2-1/2"]
[WhiteElo "2454"]
[BlackElo "2520"]
[Annotator "TA"]
[PlyCount "19"]
[EventDate "2022.06.16"]
[EventType "team-tourn"]
[EventCountry "FRA"]
[SourceTitle "playchess.com"]
[Source "ChessBase"]
[SourceQuality "1"]
[TimeControl "40/5400+30:1800+30"]

1. d4 d5 2. c4 c6 3. Nf3 Nf6 4. Nc3 a6 5. c5 Nbd7 6. Bf4 Nh5 {[%emt 0:00:13] [#]} 7. Bd2 $146 ({Predecessor:} 7. e3 g6 8. Be2 Bg7 9. O-O O-O 10. Rc1 Nxf4 11. exf4 Nf6 12. Ne5 Bf5 13. b4 Qc7 14. Bd3 Bxd3 15. Qxd3 e6 16. g3 Nd7 {½-½ (73) Martirosyan,H (2633)-Swiercz,D (2656) Chess.com INT 2022}) 7... Nhf6 8. Bf4 Nh5 9. Bd2 {[%emt 0:00:17] 9.g3 is the fancy move.} Nhf6 {[%emt 0:00:05][%cal Oe7e5] Prevents e4. D15: Slav Defence: 4 Nc3 a6 and gambit lines after 4 Nc3 dxc4.} 10. Bf4 {[%emt 0:01:50] Not much happened in this game.} 1/2-1/2

[Event "FRA-ch Teams Top 16-Haute 2022"]
[Site "Chartres"]
[Date "2022.06.19"]
[Round "11.6"]
[White "Barbot, Pierre"]
[Black "Savina, Anastasia"]
[Result "0-1"]
[ECO "E90"]
[WhiteElo "2450"]
[BlackElo "2348"]
[Annotator "TA"]
[PlyCount "109"]
[EventDate "2022.06.16"]
[EventType "team-tourn"]
[EventCountry "FRA"]
[SourceTitle "playchess.com"]
[Source "ChessBase"]
[SourceQuality "1"]
[TimeControl "40/5400+30:1800+30"]

1. d4 Nf6 2. c4 g6 3. Nc3 Bg7 4. e4 d6 5. Nf3 O-O 6. Bg5 h6 7. Be3 Ng4 {[%emt 0:01:31] E90: King's Indian: Classical: Early deviations and 6 h3.} 8. Bd2 e5 9. d5 f5 {[%emt 0:01:43] The position is equal.} 10. h3 Nf6 11. exf5 gxf5 {[%emt 0:00:14] [#]} 12. Qc2 $146 ({Predecessor:} 12. Be2 Na6 13. O-O Nc5 14. Rc1 a5 15. Be3 Na6 16. Bd2 f4 17. Qc2 Nc5 18. Nh2 {0-1 (76) Aupi Royo,J (2382)-Ingersol,H (2408) ICCF email 2013}) 12... Na6 13. O-O-O Nb4 14. Qb3 a5 15. a3 Na6 16. Qc2 $1 Ne4 17. Nxe4 fxe4 18. Qxe4 (18. Ne1 $15) 18... Nc5 $19 (18... Bf5 $2 19. Qe3 $17) 19. Qh4 (19. Qg6 $2 Bf5 20. Qxf5 Rxf5 $19) (19. Qe3 {only move.} Bf5 20. b4 axb4 21. Bxb4) 19... Bf5 (19... Qxh4 20. Nxh4 Bf6 21. g3 $17 (21. Ng6 $2 Bf5 $19)) 20. Re1 Qd7 {[%emt 0:20:59] And now ...Qa4 would win.} 21. Re3 Qa4 22. Ne1 {[%emt 0:00:24] Prevents Qc2+.} Nb3+ $40 {[%emt 0:11:38][%mdl 128] Black wants a kill.} 23. Kd1 Nd4+ 24. Kc1 Nb3+ 25. Kd1 Bh7 26. Rg3 Nxd2+ 27. Kxd2 Kh8 $1 {[%emt 0:01:53] Black is more active.} (27... Rxf2+ 28. Be2 Raf8 29. Rf1 Rxf1 30. Bxf1 $11) 28. Qe7 $2 (28. Be2 $17) 28... Rxf2+ (28... Bf6 29. Qxc7 b5 30. Bd3 $17 (30. Qxd6 $2 bxc4 31. Qc6 Bg5+ 32. Rxg5 Qb3 $19)) 29. Ke3 (29. Be2 $142 Rxe2+ 30. Kxe2 Qxc4+ 31. Kd1) 29... Bf6 (29... Bf8 30. Qxc7 Rf6 31. Qxb7 $17 (31. Bd3 $2 Bxd3 32. Nxd3 h5 $19)) 30. Qxc7 {[%emt 0:00:02] [#]} Rxb2 $2 (30... Rf8 $1 $19 31. Qxd6 Qe8 $1) 31. Qxd6 $16 Qb3+ 32. Bd3 $1 Qb6+ (32... Bg7 $2 33. Rxg7 $1 Bxd3 34. Nxd3 $1 $18) 33. Qxb6 Rxb6 34. Bxh7 Kxh7 35. Ke4 {[%emt 0:02:39] Black must now prevent Nd3.} Bh4 $2 {[%emt 0:01:15] [#]} (35... Rb1 $14) 36. Rc3 $2 ({White has to play} 36. Rg4 $1 $18 Be7 37. Rf1 (37. Kxe5 Re8 $11) 37... Bxa3 38. Rf7+ (38. Kxe5 h5 $11) 38... Kh8 39. Nd3) 36... Rb1 $14 37. g3 Bg5 (37... Be7 $14) 38. Rc2 (38. c5 $142) 38... Rf8 (38... Rc8 $16 {keeps fighting.}) 39. Rg1 $18 Be7 $2 {[%emt 0:00:34] [#]} (39... Rb3 {was worth a try.} 40. Nd3 (40. Kxe5 Bf6+ 41. Kd6 Bd4 $17) 40... b6) 40. c5 $1 Rc8 41. d6 Bf8 (41... Bxd6 $2 42. cxd6 Rd8 43. Rd2 $18) 42. Kd5 $2 ({Less strong is} 42. Kxe5 Re8+ 43. Kf5 Bg7 $16) (42. Nf3 $18 Rxg1 43. Nxg1) 42... Rd1+ $14 43. Ke6 {[%emt 0:00:00] Strongly threatening Nf3.} e4 {[%emt 0:01:19][%cal Ob7b6,Be5e4,Be4e3,Be3e2][%mdl 32] [#] Inhibits Nf3.} (43... Bxd6 $2 44. cxd6 Rxc2 45. Nxc2 $18) 44. Nf3 $1 Rd3 45. Ne1 Rd1 46. Rf1 $1 Kg8 47. Rcf2 ({Better is} 47. Rxf8+ $1 $14 Rxf8 48. Re2) 47... e3 $11 48. Rf5 {[%emt 0:00:14] Hoping for Kd7.} e2 {[%emt 0:00:28][%mdl 64] Deflection. The board is on fire.} 49. R1f2 Rxe1 $19 50. d7 $2 (50. Kd7 Rf1 51. Rxf1 (51. Kxc8 $2 {too greedy.} Rxf2 52. Re5 Rf5 $19) 51... exf1=R 52. Rxf1 Rxc5 53. Rd1) 50... Rc6+ 51. Ke5 Rxc5+ 52. Ke4 Rxf5 53. d8=Q Rxf2 54. Qd5+ Rf7 55. Kd4 {[%emt 0:01:23] What a fight!  Weighted Error Value: White=0.68/Black=0.33} 0-1